 Dungeon Crawl Stone Soup version 0.28.0-53-g5a82cb258f (webtiles) character file.

Game seed: 16858672622245023747

61 pkoi the Stinger (level 3, 0/26 HPs)
             Began as a Demigod Venom Mage on June 3, 2022.
             Slain by Natasha (1 damage)
             ... on level 2 of the Dungeon.
             The game lasted 00:02:02 (1744 turns).

pkoi the Stinger (Demigod Venom Mage)               Turns: 1744, Time: 00:02:02

Health: 0/26       AC:  2    Str:  9    XL:     3   Next: 58%
Magic:  5/8        EV: 12    Int: 21    God:
Gold:   30         SH:  0    Dex: 14    Spells: 4/5 levels left

rFire   . . .      SeeInvis .   c - +9 staff of Olgreb {rPois∞}
rCold   . . .      Faith    .   (no shield)
rNeg    . . .      Spirit   .   a - +0 robe
rPois   ∞          Reflect  .   (no helmet)
rElec   .          Harm     .   (no cloak)
rCorr   .          Rampage  .   (no gloves)
Will    .....                   (no boots)
Stlth   ++........              (no amulet)
HPRegen 0.08/turn               (no ring)
MPRegen 0.11/turn               (no ring)

@: no status effects
A: high MP 1, forlorn, divine attributes
a: Evoke the Staff of Olgreb


You were on level 2 of the Dungeon.
You visited 1 branch of the dungeon, and saw 2 of its levels.

You collected 30 gold pieces.

Inventory:

Hand Weapons
 b - a +0 dagger
 c - the +9 staff of Olgreb (weapon) {rPois∞}
   (You acquired it on level 2 of the Dungeon)

   If the wielder is skilled in Evocations, they can envenom those struck by it,
   dealing poison damage which bypasses armour.
   It enhances your poison magic.
   It grants immunity to poison.
   It can be activated via the 'a'bility menu to radiate toxic energy, with
   effectiveness depending on Evocations skill.
Armour
 a - a +0 robe (worn)


   Skills:
 - Level 1.7 Dodging
 - Level 1.7 Stealth
 - Level 1.7 Spellcasting
 - Level 0.8 Transmutations
 + Level 4.0 Poison Magic
 + Level 1.2 Evocations


You had 4 spell levels left.
You knew the following spells:

 Your Spells              Type           Power      Damage    Failure   Level
a - Sting                 Tmut/Pois      72%        1d6       5%          1

Your spell library contained the following spells:

 Spells                   Type           Power      Damage    Failure   Level
 Poisonous Vapours        Pois/Air       30%        N/A       10%         2
 Passwall                 Tmut/Erth      2%         N/A       19%         2
 Ensorcelled Hibernation  Hex/Ice        2%         N/A       22%         2
 Mephitic Cloud           Conj/Pois/Air  11%        N/A       26%         3
 Olgreb's Toxic Radiance  Pois           28%        N/A       28%         4
 Swiftness                Air            1%         N/A       41%         3


Dungeon Overview and Level Annotations

Branches:
Dungeon (2/15)

Annotations:
D:2 Natasha


Innate Abilities, Weirdness & Mutations

You have an increased reservoir of magic. (+10% MP)
You shall have no god before yourself.
Your divine heritage dramatically boosts your attributes as you level up.


Message History

The puff of frost hits you.
* * * LOW HITPOINT WARNING * * *
Natasha claws you.
* * * LOW HITPOINT WARNING * * *
Natasha stares at you and mumbles some strange words.
The magic dart hits you!
* * * LOW HITPOINT WARNING * * *
Natasha mumbles some strange words.
The crimson imp laughs crazily.
Natasha casts a spell at you. You resist with some effort.
You kill Natasha!
Natasha screams in fury as she dies!
The white imp disappears in a puff of smoke!
Your Poison Magic skill increases to level 4!
Your Evocations skill increases to level 1!
Natasha, Servant of Life and Death comes into view.
Natasha claws you!
* * * LOW HITPOINT WARNING * * *
You sock Natasha!
Natasha is severely wounded.
Natasha casts a spell.
Unknown command.
You aren't carrying any items that you can evoke.
You aren't carrying any potions.
You aren't carrying any scrolls.
Aiming: Sting (safe; 5% risk of failure)
Press: ? - help, Q - select action, (/) - cycle Shift-Dir - straight line, f - Natasha
Aim: Natasha (severely wounded, 67% to hit)
You feel a surge of power!
The sting misses Natasha.
Natasha barely misses you.
Unknown command.
Unknown command.
Aiming: Sting (safe; 5% risk of failure)
Press: ? - help, Q - select action, (/) - cycle Shift-Dir - straight line, f/p - Natasha
Aim: Natasha (severely wounded, 67% to hit)
You feel a surge of power!
The sting hits Natasha.
Natasha is poisoned.
Natasha is severely wounded.
Natasha claws you.
You die...

#.# #.# #.# #.# #.#
#.# #.# #### ###
#.########## #.. ..#
#...@......# #.# #.#
#####h####.###.####.#
#.5..............
#.####.###.#.....
#.####.# #.#.....
#......# #...##..
##.##### ###.#[## #.#
#####.##.. #.#
#......###


You could see Natasha (poisoned) and a white imp (summoned).

Vanquished Creatures
  Natasha (D:2)
  An adder (D:2)
  6 endoplasms
  2 giant cockroaches (D:1)
  4 jackals (D:1)
  3 kobolds (D:1)
  2 bats (D:1)
  2 frilled lizards
  4 rats (D:1)
25 creatures vanquished.

Notes
Turn   | Place    | Note
-------+----------+-------------------------------------------
     0 | D:1      | pkoi the Demigod Venom Mage began the quest for the Orb.
     0 | D:1      | Reached XP level 1. HP: 14/14 MP: 5/5
   121 | D:1      | Reached skill level 3 in Poison Magic
   442 | D:1      | Reached XP level 2. HP: 18/20 MP: 1/7
  1282 | D:2      | Identified a scroll of acquirement
  1283 | D:2      | Acquired the +9 staff of Olgreb {rPois∞}
  1283 | D:2      | Found the +9 staff of Olgreb {rPois∞}
  1440 | D:2      | Reached XP level 3. HP: 26/26 MP: 6/8
  1721 | D:2      | Noticed Natasha
  1733 | D:2      | Killed Natasha
  1734 | D:2      | Reached skill level 4 in Poison Magic
  1734 | D:2      | Reached skill level 1 in Evocations
  1740 | D:2      | Noticed Natasha
  1741 | D:2      | HP: 1/26 [Natasha (7)]
  1744 | D:2      | Slain by Natasha

Illustrated notes

Levels and vault maps discovered:
D:1:      ebering_trefoil_twist, layout_loops_ring,
          ebering_ecumenical_altar_box, bh_walls_and_bars
D:2:      layout_loops_cross, grunt_decor_resistance, hex_large,
          patterned_corridor, uniq_natasha, uniq_robin

Skill      XL: |  1  2  3 |
---------------+----------+-----
Poison Magic   | 3 4 |  4.0
Evocations     | 1 |  1.2
Dodging        | |  1.7
Stealth        | |  1.7
Spellcasting   | |  1.7
Transmutations | |  0.8

Action                   || total
-------------------------++-------
Melee: Dagger            ||    23
       Punch             ||     1
       Staff             ||     3
 Cast: Sting             ||    48
  Use: Scroll            ||     4
       Potion            ||     1
Armor: Robe              ||    11
Dodge: Dodged            ||    34
